[ PARTIDA AOE2 · #505999848 ]
UnrankedCeltas vs Maya
Equipo del jugador · VICT
Equipo rival · DERR
[ ANÁLISIS DE REPETICIÓN · EXTRAÍDO DE LA PARTIDA GRABADA ]
Feudal
11:50
Castillos
16:35
Imperial
35:40
| APM promedio | 61.8 |
| APM pico | 95 |
| eAPM promedio | 32.7 |
| Aldeanos / militares | 211 / 103 |
Foco
⚔️ 27.3% · 🌾 72.7%
Knight ×53 · Scout Cavalry ×30 · Scorpion ×6 · Trebuchet (Packed) ×6 · Militia ×5 · Mangonel ×3
Feudal
9:22
Castillos
18:50
Imperial
36:35
| APM promedio | 51.3 |
| APM pico | 86 |
| eAPM promedio | 16.0 |
| Aldeanos / militares | 97 / 50 |
Foco
⚔️ 32.0% · 🌾 68.0%
Archer ×26 · Plumed Archer ×11 · Monk ×5 · Spearman ×4 · Trebuchet (Packed) ×3 · Mangonel ×1
Mapa de la partida
Recursos iniciales + cada clic de construcción. Líneas = muros · curvas = relieve. ◆ oro · ⬟ piedra · ● bayas · ✦ reliquia · ◌ hueco del cierre
Tu base· Abierta — flanco sin cerrar
Base de ——拉链——· ✓ Cerrada en 18:50 · 40t muro · 1 puerta(s)
Terreno inicial suavizado · ◌ = hueco del cierre detectado · pasá el cursor para detalles
Inputs por minuto
— Chdid - - ——拉链——
Build order — Chdid
Primeras 150 de 467 acciones detectadas
| 0:00 | Crear | Villager (Male) |
| 0:01 | Crear | Villager (Male) |
| 0:01 | Crear | Villager (Male) |
| 0:05 | Investigar | Loom |
| 0:06 | Construir | House |
| 0:08 | Crear | Villager (Male) |
| 0:08 | Crear | Villager (Male) |
| 0:09 | Crear | Villager (Male) |
| 0:09 | Crear | Villager (Male) |
| 0:33 | Construir | House |
| 1:20 | Crear | Villager (Male) |
| 1:21 | Crear | Villager (Male) |
| 1:43 | Crear | Villager (Male) |
| 1:43 | Crear | Villager (Male) |
| 1:44 | Crear | Villager (Male) |
| 2:00 | Construir | Barracks |
| 2:09 | Construir | House |
| 2:21 | Crear | Villager (Male) |
| 2:22 | Crear | Villager (Male) |
| 2:22 | Crear | Villager (Male) |
| 2:49 | Construir | Barracks |
| 3:34 | Crear | Villager (Male) |
| 3:34 | Crear | Villager (Male) |
| 3:34 | Crear | Villager (Male) |
| 3:54 | Construir | House |
| 4:07 | Crear | Villager (Male) |
| 4:08 | Crear | Militia |
| 4:09 | Crear | Militia |
| 4:09 | Crear | Militia |
| 4:16 | Crear | Villager (Male) |
| 4:16 | Crear | Villager (Male) |
| 4:16 | Crear | Villager (Male) |
| 4:38 | Crear | Villager (Male) |
| 4:38 | Crear | Villager (Male) |
| 4:38 | Crear | Villager (Male) |
| 5:07 | Construir | House |
| 5:12 | Crear | Militia |
| 5:13 | Crear | Militia |
| 5:26 | Crear | Villager (Male) |
| 5:26 | Crear | Villager (Male) |
| 5:46 | Crear | Villager (Male) |
| 5:46 | Crear | Villager (Male) |
| 5:46 | Crear | Villager (Male) |
| 5:52 | Construir | Lumber Camp |
| 6:05 | Crear | Villager (Male) |
| 6:06 | Crear | Villager (Male) |
| 6:10 | Crear | Villager (Male) |
| 6:10 | Crear | Villager (Male) |
| 6:58 | Construir | House |
| 7:01 | Crear | Villager (Male) |
| 7:08 | Crear | Villager (Male) |
| 7:27 | Crear | Villager (Male) |
| 7:38 | Crear | Villager (Male) |
| 8:29 | Crear | Villager (Male) |
| 8:57 | Construir | Mining Camp |
| 9:30 | Investigar | Feudal Age |
| 9:30 | Investigar | Feudal Age |
| 9:40 | Construir | Mill |
| 9:57 | Crear | Villager (Male) |
| 10:06 | Construir | Farm |
| 10:29 | Construir | House |
| 10:32 | Crear | Villager (Male) |
| 10:34 | Crear | Villager (Male) |
| 10:34 | Crear | Villager (Male) |
| 10:35 | Crear | Villager (Male) |
| 10:38 | Construir | Farm |
| 10:52 | Crear | Villager (Male) |
| 11:00 | Construir | Farm |
| 11:06 | Crear | Villager (Male) |
| 11:16 | Construir | Farm |
| 11:16 | Construir | Farm |
| 11:16 | Construir | Farm |
| 11:17 | Construir | Farm |
| 11:17 | Construir | Farm |
| 11:17 | Construir | Farm |
| 11:17 | Construir | Farm |
| 11:23 | Crear | Villager (Male) |
| 11:48 | Crear | Villager (Male) |
| 11:50 | Edad | Edad Feudal |
| 11:55 | Construir | Market |
| 12:28 | Crear | Villager (Male) |
| 12:31 | Construir | Blacksmith |
| 13:27 | Crear | Villager (Male) |
| 13:55 | Investigar | Castle Age |
| 13:57 | Construir | Stable |
| 14:06 | Construir | House |
| 14:12 | Construir | House |
| 15:26 | Investigar | Horse Collar |
| 15:44 | Construir | Farm |
| 15:46 | Investigar | Double-Bit Axe |
| 16:06 | Construir | Lumber Camp |
| 16:10 | Construir | Farm |
| 16:15 | Construir | Farm |
| 16:18 | Construir | Farm |
| 16:35 | Edad | Edad de los Castillos |
| 16:43 | Crear | Knight |
| 16:43 | Crear | Knight |
| 16:46 | Construir | Town Center |
| 17:00 | Crear | Villager (Male) |
| 17:00 | Crear | Villager (Male) |
| 17:20 | Crear | Villager (Male) |
| 17:20 | Crear | Villager (Male) |
| 17:37 | Crear | Knight |
| 17:37 | Crear | Knight |
| 17:54 | Construir | Farm |
| 18:00 | Crear | Villager (Male) |
| 18:00 | Crear | Villager (Male) |
| 18:03 | Construir | Farm |
| 18:27 | Crear | Knight |
| 18:30 | Construir | Farm |
| 18:32 | Construir | Farm |
| 18:34 | Construir | Farm |
| 18:46 | Crear | Knight |
| 18:46 | Crear | Knight |
| 18:46 | Crear | Knight |
| 18:50 | Crear | Villager (Male) ×2 |
| 18:51 | Crear | Villager (Male) ×2 |
| 18:59 | Construir | Siege Workshop |
| 19:20 | Crear | Villager (Male) |
| 19:21 | Crear | Villager (Male) |
| 19:21 | Crear | Villager (Male) |
| 19:21 | Crear | Villager (Male) |
| 19:25 | Construir | Farm |
| 19:32 | Crear | Villager (Male) |
| 19:32 | Crear | Villager (Male) |
| 19:34 | Crear | Villager (Male) |
| 19:34 | Crear | Villager (Male) |
| 19:46 | Crear | Scorpion |
| 19:47 | Crear | Scorpion |
| 19:47 | Crear | Scorpion |
| 19:48 | Construir | Farm |
| 19:55 | Crear | Knight |
| 19:55 | Crear | Knight |
| 19:55 | Crear | Knight |
| 19:58 | Crear | Villager (Male) |
| 19:58 | Crear | Villager (Male) |
| 19:58 | Crear | Villager (Male) |
| 19:58 | Crear | Villager (Male) |
| 20:10 | Construir | Farm |
| 20:15 | Crear | Villager (Male) |
| 20:15 | Crear | Villager (Male) |
| 20:15 | Crear | Villager (Male) |
| 20:24 | Crear | Villager (Male) |
| 20:24 | Crear | Villager (Male) |
| 20:24 | Crear | Villager (Male) |
| 20:39 | Crear | Villager (Male) |
| 20:39 | Crear | Villager (Male) |
| 21:00 | Crear | Villager (Male) |
| 21:00 | Crear | Villager (Male) |
| 21:00 | Crear | Villager (Male) |
Build order — ——拉链——
Primeras 150 de 271 acciones detectadas
| 0:26 | Crear | Villager (Male) |
| 0:26 | Crear | Villager (Male) |
| 0:26 | Crear | Villager (Male) |
| 0:31 | Investigar | Loom |
| 0:35 | Investigar | Loom |
| 0:39 | Construir | House |
| 1:00 | Construir | House |
| 1:07 | Crear | Villager (Male) |
| 1:08 | Crear | Villager (Male) |
| 1:08 | Crear | Villager (Male) |
| 1:18 | Crear | Villager (Male) |
| 1:49 | Crear | Villager (Male) |
| 2:22 | Crear | Villager (Male) |
| 2:54 | Construir | Lumber Camp |
| 3:35 | Crear | Villager (Male) |
| 3:39 | Construir | House |
| 4:07 | Construir | House |
| 4:15 | Crear | Villager (Male) |
| 4:31 | Crear | Villager (Male) |
| 4:31 | Crear | Villager (Male) |
| 5:04 | Crear | Villager (Male) |
| 5:48 | Construir | Palisade Wall |
| 5:51 | Construir | House |
| 5:56 | Construir | House |
| 6:00 | Crear | Villager (Male) |
| 6:19 | Construir | Mill |
| 6:27 | Construir | Palisade Wall |
| 6:28 | Construir | Palisade Wall |
| 6:31 | Construir | Palisade Wall |
| 6:32 | Construir | Palisade Wall |
| 6:39 | Crear | Villager (Male) |
| 7:09 | Construir | Palisade Wall |
| 7:12 | Investigar | Feudal Age |
| 7:50 | Construir | Mining Camp |
| 8:12 | Construir | Barracks |
| 8:17 | Construir | Palisade Wall |
| 8:19 | Construir | Palisade Wall |
| 8:33 | Construir | Barracks |
| 9:22 | Edad | Edad Feudal |
| 9:24 | Crear | Villager (Male) |
| 9:38 | Construir | Archery Range |
| 9:45 | Construir | Archery Range |
| 9:48 | Crear | Villager (Male) |
| 9:57 | Investigar | Double-Bit Axe |
| 10:00 | Crear | Villager (Male) |
| 10:09 | Investigar | Town Watch |
| 10:17 | Crear | Archer |
| 10:17 | Crear | Archer |
| 10:30 | Crear | Archer |
| 10:44 | Crear | Spearman |
| 10:48 | Crear | Archer |
| 10:58 | Construir | Palisade Gate |
| 11:07 | Crear | Villager (Male) |
| 11:07 | Crear | Villager (Male) |
| 11:31 | Crear | Spearman |
| 11:42 | Construir | Farm |
| 11:45 | Construir | Farm |
| 11:50 | Crear | Villager (Male) |
| 11:57 | Crear | Archer |
| 12:04 | Construir | House |
| 12:26 | Crear | Spearman |
| 12:32 | Construir | House |
| 12:34 | Crear | Villager (Male) |
| 12:35 | Crear | Villager (Male) |
| 12:46 | Construir | Farm |
| 13:35 | Crear | Villager (Male) |
| 13:37 | Crear | Archer |
| 13:51 | Construir | Farm |
| 13:52 | Crear | Villager (Male) |
| 13:54 | Construir | Farm |
| 14:03 | Crear | Archer |
| 14:06 | Crear | Villager (Male) |
| 14:47 | Crear | Archer |
| 14:53 | Construir | Lumber Camp |
| 14:57 | Crear | Villager (Male) |
| 15:25 | Construir | Blacksmith |
| 15:30 | Crear | Archer |
| 15:32 | Construir | Farm |
| 15:34 | Crear | Villager (Male) |
| 15:34 | Crear | Villager (Male) |
| 15:35 | Crear | Villager (Male) |
| 15:45 | Construir | Farm |
| 15:47 | Crear | Villager (Male) |
| 16:10 | Investigar | Castle Age |
| 16:12 | Crear | Archer |
| 16:16 | Construir | House |
| 16:21 | Crear | Spearman |
| 16:53 | Construir | Archery Range |
| 16:57 | Investigar | Fletching |
| 17:05 | Construir | Palisade Wall |
| 17:07 | Construir | Palisade Wall |
| 17:10 | Construir | Palisade Wall |
| 17:16 | Construir | Palisade Wall |
| 17:18 | Construir | Palisade Wall |
| 17:32 | Investigar | Horse Collar |
| 17:49 | Crear | Archer |
| 17:50 | Crear | Archer |
| 18:10 | Construir | Mining Camp |
| 18:16 | Construir | Palisade Wall |
| 18:19 | Construir | Palisade Wall |
| 18:28 | Crear | Archer |
| 18:28 | Crear | Archer |
| 18:44 | Construir | Palisade Wall |
| 18:45 | Construir | Palisade Wall |
| 18:47 | Construir | Palisade Wall |
| 18:50 | Edad | Edad de los Castillos |
| 18:51 | Construir | House |
| 18:52 | Investigar | Bodkin Arrow |
| 19:00 | Construir | House |
| 19:11 | Construir | Monastery |
| 19:25 | Construir | Farm |
| 19:25 | Construir | Farm |
| 19:25 | Construir | Farm |
| 19:26 | Construir | Farm |
| 19:41 | Investigar | Crossbowman (upgrade) |
| 19:43 | Crear | Archer |
| 19:43 | Crear | Archer |
| 20:07 | Crear | Villager (Male) |
| 20:11 | Construir | Palisade Wall |
| 20:25 | Construir | Palisade Wall |
| 20:43 | Crear | Archer |
| 20:43 | Crear | Archer |
| 20:44 | Crear | Villager (Male) |
| 20:57 | Crear | Monk |
| 21:10 | Crear | Villager (Male) |
| 21:18 | Construir | Town Center |
| 21:29 | Crear | Archer |
| 21:29 | Crear | Archer |
| 21:40 | Crear | Villager (Male) |
| 21:40 | Crear | Villager (Male) |
| 21:46 | Construir | Palisade Wall |
| 21:49 | Construir | Palisade Wall |
| 22:00 | Crear | Villager (Male) |
| 22:06 | Crear | Archer |
| 22:06 | Crear | Archer |
| 22:11 | Construir | House |
| 22:13 | Construir | House |
| 22:13 | Construir | House |
| 22:14 | Construir | House |
| 22:26 | Crear | Archer |
| 22:26 | Crear | Archer |
| 22:43 | Crear | Villager (Male) |
| 22:56 | Crear | Monk |
| 22:58 | Crear | Villager (Male) |
| 22:59 | Crear | Villager (Male) |
| 23:16 | Crear | Villager (Male) |
| 23:35 | Crear | Villager (Male) |
| 23:40 | Crear | Monk |
| 24:00 | Construir | Town Center |
| 24:08 | Construir | House |
Cronología de la partida
| 2:00 | Chdid · first_building Barracks |
| 5:48 | ——拉链—— · wall_segment Palisade Wall x1 |
| 6:27 | ——拉链—— · wall_segment Palisade Wall x1 |
| 6:28 | ——拉链—— · wall_segment Palisade Wall x1 |
| 6:31 | ——拉链—— · wall_segment Palisade Wall x1 |
| 6:32 | ——拉链—— · wall_segment Palisade Wall x1 |
| 7:09 | ——拉链—— · wall_segment Palisade Wall x1 |
| 8:12 | ——拉链—— · first_building Barracks |
| 8:17 | ——拉链—— · wall_segment Palisade Wall x1 |
| 8:19 | ——拉链—— · wall_segment Palisade Wall x1 |
| 9:22 | ——拉链—— · age_up feudal |
| 9:38 | ——拉链—— · first_building Archery Range |
| 11:50 | Chdid · age_up feudal |
| 13:57 | Chdid · first_building Stable |
| 16:33 | Chdid · first_market_buy 100 wood |
| 16:35 | Chdid · age_up castle |
| 17:05 | ——拉链—— · wall_segment Palisade Wall x1 |
| 17:07 | ——拉链—— · wall_segment Palisade Wall x1 |
| 17:10 | ——拉链—— · wall_segment Palisade Wall x4 |
| 17:16 | ——拉链—— · wall_segment Palisade Wall x2 |
| 17:18 | ——拉链—— · wall_segment Palisade Wall x12 |
| 18:16 | ——拉链—— · wall_segment Palisade Wall x4 |
| 18:19 | ——拉链—— · wall_segment Palisade Wall x1 |
| 18:44 | ——拉链—— · wall_segment Palisade Wall x1 |
| 18:45 | ——拉链—— · wall_segment Palisade Wall x1 |
| 18:47 | ——拉链—— · wall_segment Palisade Wall x5 |
| 18:50 | ——拉链—— · age_up castle |
| 18:59 | Chdid · first_building Siege Workshop |
| 19:11 | ——拉链—— · first_building Monastery |
| 20:11 | ——拉链—— · wall_segment Palisade Wall x1 |
| 20:25 | ——拉链—— · wall_segment Palisade Wall x1 |
| 21:46 | ——拉链—— · wall_segment Palisade Wall x1 |
| 21:49 | ——拉链—— · wall_segment Palisade Wall x1 |
| 25:08 | ——拉链—— · first_building Siege Workshop |
| 30:39 | ——拉链—— · first_market_buy 100 stone |
| 30:55 | ——拉链—— · first_building Castle |
| 31:01 | Chdid · first_building Castle |
| 31:53 | Chdid · first_market_sell 500 wood |
| 33:20 | ——拉链—— · first_market_sell 100 stone |
| 35:40 | Chdid · age_up imperial |
| 36:35 | ——拉链—— · age_up imperial |
| 38:26 | ——拉链—— · resign |
[ ANÁLISIS IA · 1 CRÉDITO ]
¿Qué pasó realmente en esta partida?
Wolo.gg analiza cada decisión: build order, eco, micro, errores típicos por bracket. Análisis personalizado por WhatsApp o Discord en 30 segundos.
Guía civ
Celtas
Perfil
Jugador #8815996